 Dungeon Crawl Stone Soup version 0.28.0-43-g3370ac3207 (webtiles) character file.

Game seed: 14668832450020813833

9 bnorton916 the Chiller (level 2, 0/19 HPs)
             Began as a Barachi Ice Elementalist on Mar 17, 2022.
             Slain by a rat (1 damage)
             ... on level 1 of the Dungeon.
             The game lasted 00:00:37 (305 turns).

bnorton916 the Chiller (Barachi Ice Elementalist)    Turns: 305, Time: 00:00:38

Health: 0/19       AC:  2    Str:  9    XL:     2   Next: 16%
Magic:  0/5        EV: 12    Int: 15    God:
Gold:   11         SH:  0    Dex: 12    Spells: 5/6 levels left

rFire   . . .      SeeInvis .   b - +0 club
rCold   . . .      Faith    .   (no shield)
rNeg    . . .      Spirit   .   a - +0 robe
rPois   .          Reflect  .   (no helmet)
rElec   .          Harm     .   (no cloak)
rCorr   .          Rampage  .   (no gloves)
Will    .....                   (no boots)
Stlth   ++........              (no amulet)
HPRegen 0.06/turn               (no ring)
MPRegen 0.09/turn               (no ring)

@: slow
A: amphibious, slowness 1, strong legs 1, +LOS
a: Hop


You were on level 1 of the Dungeon.
You visited 1 branch of the dungeon, and saw 1 of its levels.

You collected 11 gold pieces.

Inventory:

Hand Weapons
 b - a +0 club (weapon)
Armour
 a - a +0 robe (worn)


   Skills:
 - Level 2.1 Dodging
 - Level 1.7 Stealth
 + Level 2.6 Spellcasting
 + Level 5.1 Ice Magic


You had 5 spell levels left.
You knew the following spells:

 Your Spells              Type           Power      Damage    Failure   Level
a - Freeze                Ice            68%        1d8       2%          1

Your spell library contained the following spells:

 Spells                   Type           Power      Damage    Failure   Level
 Frozen Ramparts          Ice            34%        1d5       8%          3
 Ozocubu's Armour         Ice            17%        N/A       8%          3
 Hailstorm                Conj/Ice       9%         3d4       58%         4


Dungeon Overview and Level Annotations

Branches:
Dungeon (1/15)

Altars:


Innate Abilities, Weirdness & Mutations

You are amphibious.
You cover ground slowly.
You can hop short distances.
You have an extended range of vision and can be seen from far away.


Message History

Unknown command.
You hit the rat.
The rat is heavily wounded.
The rat closely misses you. The quokka closely misses you.
You closely miss the rat.
The rat is heavily wounded.
The rat closely misses you. The quokka barely misses you.
You hit the rat.
You kill the rat!
The quokka bites you but does no damage.
The quokka barely misses you. The quokka barely misses you.
The quokka bites you.
* * * LOW HITPOINT WARNING * * *
Things that are here:
a +0 club; a quokka skeleton
b - a +0 club The quokka completely misses you.
b - a +0 club (weapon)
You closely miss the quokka.
The quokka is lightly wounded.
The quokka closely misses you.
The quokka bites you but does no damage.
You hit the quokka.
The quokka is moderately wounded.
The quokka misses you. x2
You closely miss the quokka.
The quokka is moderately wounded.
The quokka bites you.
* * * LOW HITPOINT WARNING * * *
Casting: Freeze (safe; 2% risk of failure)
Confirm with . or Enter, or press ? or * to list all spells.
Aiming: Freeze (safe; 2% risk of failure)
Press: ? - help, Shift-Dir - straight line, f/p - quokka
Aim: a quokka (moderately wounded)
You freeze the quokka!
You kill the quokka!
The rat twitches its whiskers.
You completely miss the rat. The rat bites you.
You die...

...................? ..
.................#. .(
................# .#.#
#.####..........# ...#
## #.##............#
#..##..
###.#..####r#######
#.... #.....###..r# #..#
#.####รท)..###########.#
...####........r@.....#
......###############.#
.<.......# #.#
......#### #....J.r..
...#### ..#....... #.##
..##....... ..# ###
g..... ... .S.... .##
#####


You could see a rat.

Vanquished Creatures
  2 ball pythons (D:1)
  A goblin (D:1)
  3 quokkas (D:1)
  A kobold (D:1)
  2 rats (D:1)
9 creatures vanquished.

Notes
Turn   | Place    | Note
-------+----------+-------------------------------------------
     0 | D:1      | bnorton916 the Barachi Ice Elementalist began the quest for
                  | the Orb.
     0 | D:1      | Reached XP level 1. HP: 13/13 MP: 3/3
    87 | D:1      | Reached skill level 5 in Ice Magic
   279 | D:1      | Reached XP level 2. HP: 18/19 MP: 0/5
   305 | D:1      | Slain by a rat

Illustrated notes

Levels and vault maps discovered:
D:1:      dpeg_arrival_rhombus, layout_rooms

Skill      XL: |  1 |
---------------+----+-----
Ice Magic      | 5 |  5.1
Dodging        | |  2.1
Stealth        | |  1.7
Spellcasting   | |  2.6

Action                   || total
-------------------------++-------
Melee: Unarmed           ||    18
       Club              ||     4
 Cast: Freeze            ||    11
Armor: Robe              ||     6
Dodge: Dodged            ||    23
